 Dungeon Crawl Stone Soup version 0.31-a0-750-gfe7b580527 (webtiles) character file.

Game seed: 14446521520410104179

65 cforsyth the Sneak (level 4, 0/37 HPs)
             Began as a Djinni Delver on Sept 14, 2023.
             Slain by an orc wizard
             ... wielding a +1 dagger of electrocution
              (2 damage)
             ... on level 5 of the Dungeon.
             The game lasted 00:01:14 (412 turns).

cforsyth the Sneak (Djinni Delver)                   Turns: 412, Time: 00:01:14

Health: 0/37       AC:  3    Str: 11    XL:     4   Next: 35%
Gold:   9          EV: 12    Int: 14    God:
                   SH:  0    Dex: 14

rFire   + + .        a - +1 falchion
rCold   x . .        (no shield)
rNeg    . . .        b - +0 leather armour
rPois   ∞            (no helmet)
rElec   .            (no cloak)
rCorr   .            (no gloves)
SInv    .            (boots unavailable)
Will    .....        (no amulet)
Stlth   ++           (no ring)
HPRegen 0.26/turn    (no ring)
MPRegen 0.00/turn

%: infuse magic (-1 HP)
@: flying
A: sickness immunity, fire resistance 2, cold vulnerability 1, float, innate
caster, HP casting, extra vitality 1
a: no special abilities


You were on level 5 of the Dungeon.
You visited 1 branch of the dungeon, and saw 2 of its levels.

You collected 9 gold pieces.

Inventory:

Hand Weapons
 a - a +1 falchion (weapon)
Armour
 b - a +0 leather armour (worn)
Wands
 g - a wand of digging (3)
Scrolls
 c - a scroll of fog
 d - a scroll of revelation
Potions
 f - a potion of haste


   Skills:
 + Level 4.0 Fighting
 - Level 1.7 Long Blades
 - Level 2.1 Dodging
 - Level 4.1 Stealth
 + Level 1.7 Spellcasting
 + Level 1.7 Conjurations
 + Level 1.7 Hexes
   Level 0.0 Charms
 + Level 1.7 Summonings
 + Level 1.7 Necromancy
 + Level 1.7 Translocations
 + Level 1.7 Transmutations
 + Level 1.7 Fire Magic
 + Level 1.7 Ice Magic
 + Level 1.7 Air Magic
 + Level 1.7 Earth Magic
 + Level 1.7 Poison Magic


You knew the following spells:

 Your Spells              Type           Power      Damage    Failure   Level
a - Kiss of Death         Conj/Necr      24%        2d7       16%         1
Your spell library was empty.

Dungeon Overview and Level Annotations

Branches:
Dungeon (5/15)
 Temple: D:4-7

Altars:
Trog


Innate Abilities, Weirdness & Mutations

You are immune to sickness and miasma.
You are immune to poison.
Your flesh is very heat resistant. (rF++)
You are vulnerable to cold. (rC-)
You float through the air rather than walking.
You learn spells naturally, not from books.
Your magical power is your life essence.
You have superior vitality. (+4 MHP)


Message History

The orc wizard gestures at you while chanting.
You resist with some effort.
The orc wizard gestures at you while chanting.
You are confused.
Okay, then.
You closely miss the orc.
The orc is severely wounded.
The orc wizard gestures wildly while chanting.
The orc wizard flickers and vanishes!
Deactivating autopickup; reactivate with Ctrl-A.
The orc closely misses you.
You closely miss the orc.
The orc is severely wounded.
The orc closely misses you.
You closely miss the orc.
The orc is severely wounded.
The orc barely misses you.
You miss the orc.
The orc is severely wounded.
The orc closely misses you. x2
You hit the orc.
You kill the orc!
You feel less confused.
You hit something. You punch something. Something hits you. x2
* * * LOW HITPOINT WARNING * * *
You hit something.
You hear some strange, mumbled words.
A magic dart appears from out of thin air!
The magic dart hits you.
* * * LOW HITPOINT WARNING * * *
You closely miss something. Something hits you.
* * * LOW HITPOINT WARNING * * *
You hit something. Something hits you.
* * * LOW HITPOINT WARNING * * *
Okay, then.
As you read the scroll labelled NEKAT QISO, it crumbles to dust.
It is a scroll of enchant weapon.
Your +0 falchion glows red for a moment.
Something hits you.
You die...

.## ..# ### ..# ..# ..# ###.# ..#
###### .... o.#####.##....#
####.## ..o..........<#
......#######
#..#.......##.##########.........
...'............@{oo.......####.#
#.## ......##.#####......#.# #.#
#.# ........#..o#.######.####.#
#.# .....#..#.o..........#..#.#
#.# .... #........#.#......##.#
#.# ... #)########.#.####.##.#
#.# . #. ....# #.##.# #.# #.
###### #.##.# #. #######.##.#


You could see an orc wizard and an orc.

Vanquished Creatures
  A scorpion (D:5)
  4 orcs
  A quokka (D:4)
6 creatures vanquished.

Notes
Turn   | Place    | Note
-------+----------+-------------------------------------------
     0 | D:5      | cforsyth the Djinni Delver began the quest for the Orb.
     0 | D:5      | Reached XP level 1. HP: 20/20 MP: 0/0
    11 | D:5      | Noticed an orc wizard
    20 | D:4      | Noticed an orc warrior
    20 | D:4      | Found a bloodstained altar of Trog.
    34 | D:5      | Noticed an orc wizard
    34 | D:5      | Noticed an orc wizard
    76 | D:5      | Noticed a scorpion
    87 | D:5      | Killed a scorpion
    88 | D:5      | Reached skill level 1 in Spellcasting
    88 | D:5      | Reached skill level 1 in Conjurations
    88 | D:5      | Reached skill level 1 in Hexes
    88 | D:5      | Reached skill level 1 in Summonings
    88 | D:5      | Reached skill level 1 in Necromancy
    88 | D:5      | Reached skill level 1 in Translocations
    88 | D:5      | Reached skill level 1 in Transmutations
    88 | D:5      | Reached skill level 1 in Fire Magic
    88 | D:5      | Reached skill level 1 in Ice Magic
    88 | D:5      | Reached skill level 1 in Air Magic
    88 | D:5      | Reached skill level 1 in Earth Magic
    88 | D:5      | Reached skill level 1 in Poison Magic
    88 | D:5      | Reached XP level 2. HP: 11/26 MP: 0/0
    88 | D:5      | Reached XP level 3. HP: 13/31 MP: 0/0
    88 | D:5      | Learned a level 1 spell: Kiss of Death
    88 | D:5      | Reached XP level 4. HP: 15/37 MP: 0/0
   412 | D:5      | Slain by an orc wizard

Illustrated notes

Levels and vault maps discovered:
D:4:      layout_basic, nzn_overflow_gifts_of_might_and_magic, serial_shops,
          nicolae_square_shop, nrook_mini_vaults, uniq_robin
D:5:      layout_basic, minmay_temple_entry_slanted

Skill      XL: |  1  2  3  4 |
---------------+-------------+-----
Spellcasting   | 1 |  1.7
Conjurations   | 1 |  1.7
Hexes          | 1 |  1.7
Summonings     | 1 |  1.7
Necromancy     | 1 |  1.7
Translocations | 1 |  1.7
Transmutations | 1 |  1.7
Fire Magic     | 1 |  1.7
Ice Magic      | 1 |  1.7
Air Magic      | 1 |  1.7
Earth Magic    | 1 |  1.7
Poison Magic   | 1 |  1.7
Fighting       | 4 |  4.0
Long Blades    | |  1.7
Dodging        | |  2.1
Stealth        | |  4.1

Action                     |  1- 3 |  4- 6 || total
---------------------------+-------+-------++-------
  Melee: Falchion          |    11 |    19 ||    30
         Punch             |     1 |     1 ||     2
    Use: Scroll            |     1 |     1 ||     2
 Armour: Leather armour    |     6 |    17 ||    23
  Dodge: Dodged            |     8 |    10 ||    18

Table legend: (Time is in decaauts)
 A = Elapsed time spent in this place.
 B = Non-inter-level travel time spent in this place.
 C = Inter-level travel time spent in this place.
 D = Time resting spent in this place.
 E = Time spent auto-exploring this place.
 F = Levels seen in this place.
 G = Mean time per level.
                   A        B        C        D        E       F      G
               +--------+--------+--------+--------+--------+-----+--------+
         Total |    418 |    410 |      8 |    131 |    114 |   2 |  209.0 |
       Dungeon |    418 |    410 |      8 |    131 |    114 |   2 |  209.0 |
               +--------+--------+--------+--------+--------+-----+--------+

Top non-repeatable levels by time:
     D:5: 357 daAuts
     D:4: 60 daAuts
